 Dungeon Crawl Stone Soup version 0.30.1 (webtiles) character file.

Game seed: 13178162669407312639

1505 AIAndy the Digger (level 8, -11/60 HPs)
             Began as a Gnoll Wanderer on July 4, 2023.
             Was an Elder of Sif Muna.
             Mangled by a two-headed ogre
             ... wielding a +0 giant club
              (24 damage)
             ... on level 6 of the Dungeon.
             The game lasted 00:26:22 (4681 turns).

AIAndy the Digger (Gnoll Wanderer)                  Turns: 4681, Time: 00:26:22

Health: -11/60     AC:  3    Str: 10    XL:     8   Next: 82%
Magic:  14/15      EV: 11    Int: 20    God:    Sif Muna [****..]
Gold:   17         SH:  9    Dex: 13    Spells: 11/16 levels left

rFire   + . .        a - staff of death
rCold   . . .        D - +0 kite shield "Maiwnynn" {Will++}
rNeg    + . .        c - +0 robe
rPois   .            l - +0 helmet
rElec   .            (no cloak)
rCorr   .            (no gloves)
SInv    .            (no boots)
Will    ++...        i - amulet of magic regeneration
Stlth   ++           h - ring of protection from fire
HPRegen 0.30/turn    q - +6 ring of intelligence
MPRegen 0.54/turn

%: no passive effects
@: no status effects
A: fangs 1, strong nose, distributed training
a: Renounce Religion, Channel Magic, Forget Spell, Divine Exegesis


You were on level 6 of the Dungeon.
You worshipped Sif Muna.
Sif Muna was greatly pleased with you.
You visited 1 branch of the dungeon, and saw 6 of its levels.

You collected 374 gold pieces.
You spent 357 gold pieces at shops.

Inventory:

Hand Weapons
 m - a +2 dagger of draining
 u - a +0 whip of electrocution
Missiles
 o - 5 poisoned darts (quivered)
Armour
 c - a +0 robe (worn)
 l - a +0 helmet (worn)
 v - the +1 ring mail "Osiash" {*Slow rN+ Str+4 Slay+3}
   (You took it off a hobgoblin on level 4 of the Dungeon)

   Str:       It affects your strength (+4).
   Slay:      It affects your accuracy & damage with ranged weapons and melee
   (+3).
   rN:        It protects you from negative energy.
   *Slow:     It may slow you when you take damage.
 x - an orb of energy
 y - the +2 chain mail of Hedging {rElec Str+2 Dex+3}
   (You found it on level 5 of the Dungeon)

   Str:       It affects your strength (+2).
   Dex:       It affects your dexterity (+3).
   rElec:     It insulates you from electricity.
 D - the +0 kite shield "Maiwnynn" (worn) {Will++}
   (You bought it in a shop on level 6 of the Dungeon)

   Will:      It greatly increases your willpower.
Magical Staves
 a - a staff of death (weapon)
 E - a staff of air
Jewellery
 h - a ring of protection from fire (left hand)
 i - an amulet of magic regeneration (around neck)
 q - a +6 ring of intelligence (right hand)
 w - a ring of fire
Wands
 d - a wand of iceblast (9)
 r - a wand of mindburst (16)
Scrolls
 b - 2 scrolls of fear
 e - 3 scrolls of teleportation {unknown}
 f - 5 scrolls of identify {unknown}
 g - 2 scrolls of fog {unknown}
 p - a scroll of immolation {unknown}
 z - a scroll of enchant armour {unknown}
Potions
 j - a potion of cancellation {unknown}
 k - a potion of lignification {unknown}
 n - a potion of heal wounds {unknown}
 s - a potion of berserk rage {unknown}
 t - a potion of magic {unknown}
 A - a potion of ambrosia {unknown}
 B - a potion of mutation {unknown}
 C - a potion of curing {unknown}
 F - a potion of might {unknown}


   Skills:
 + Level 3.7 Fighting
 + Level 3.7 Short Blades
 + Level 3.7 Long Blades
 + Level 3.7 Axes
 + Level 3.7 Maces & Flails
 + Level 3.7 Polearms
 + Level 3.7 Staves
 + Level 3.7 Ranged Weapons
 + Level 3.7 Throwing
 + Level 3.7 Armour
 + Level 4.6 Dodging
 + Level 3.7 Stealth
 + Level 6.0 Shields
 + Level 3.7 Unarmed Combat
 + Level 4.7 Spellcasting
 + Level 3.1 Conjurations
 + Level 3.1 Hexes
 + Level 3.1 Summonings
 + Level 3.8 Necromancy
 + Level 3.1 Translocations
 + Level 3.1 Transmutations
 + Level 3.1 Fire Magic
 + Level 3.1 Ice Magic
 + Level 3.1 Air Magic
 + Level 7.8 Earth Magic
 + Level 3.1 Poison Magic
 + Level 4.9 Invocations
 + Level 3.7 Evocations


You had 11 spell levels left.
You knew the following spells:

 Your Spells              Type           Power      Damage    Failure   Level
a - Sandblast             Erth           72%        2d16      1%          1
b - Necrotise             Necr           100%       1d9       10%         1
c - Vampiric Draining     Necr           30%        2d8       28%         3

Your spell library contained the following spells:

 Spells                   Type           Power      Damage    Failure   Level
 Passwall                 Tmut/Erth      21%        N/A       8%          2
 Call Canine Familiar     Summ           17%        N/A       36%         3
 Portal Projectile        Hex/Tloc       34%        N/A       36%         3
 Leda's Liquefaction      Hex/Erth       13%        N/A       43%         4


Dungeon Overview and Level Annotations

Branches:
Dungeon (6/15)
 Temple: D:4-7

Altars:
Kikubaaqudgha
Nemelex Xobeh
Qazlal
Sif Muna
Uskayaw
Xom

Shops:
D:1 [   D:6 ?*[?

Annotations:
D:3 Grinder


Innate Abilities, Weirdness & Mutations

You have very sharp teeth.
Your uncanny sense of smell can sniff out nearby items.
Your experience applies equally to all skills.


Message History

The blast of sand hits the two-headed ogre!
The two-headed ogre is lightly wounded.
Casting: Sandblast (safe; 1% risk of failure)
Confirm with . or Enter, or press ? or * to list all spells.
Aiming: Sandblast (safe; 1% risk of failure)
Press: ? - help, Shift-Dir - straight line, f/p - two-headed ogre
Aim: a two-headed ogre, wielding two +0 giant clubs (lightly wounded, 92% to hit)
The blast of sand hits the two-headed ogre but does no damage.
The two-headed ogre is lightly wounded.
You block the two-headed ogre's attack.
The two-headed ogre completely misses you.
Casting: Sandblast (safe; 1% risk of failure)
Confirm with . or Enter, or press ? or * to list all spells.
Aiming: Sandblast (safe; 1% risk of failure)
Press: ? - help, Shift-Dir - straight line, f/p - two-headed ogre
Aim: a two-headed ogre, wielding two +0 giant clubs (lightly wounded, 92% to hit)
The blast of sand hits the two-headed ogre.
The two-headed ogre is moderately wounded.
You block the two-headed ogre's attack. x2
Casting: Sandblast (safe; 1% risk of failure)
Confirm with . or Enter, or press ? or * to list all spells.
Aiming: Sandblast (safe; 1% risk of failure)
Press: ? - help, Shift-Dir - straight line, f/p - two-headed ogre
Aim: a two-headed ogre, wielding two +0 giant clubs (moderately wounded, 92% to hit)
The blast of sand hits the two-headed ogre!
The two-headed ogre is moderately wounded.
You block the two-headed ogre's attack.
The two-headed ogre hits you with a +0 giant club!
Casting: Sandblast (safe; 1% risk of failure)
Confirm with . or Enter, or press ? or * to list all spells.
Aiming: Sandblast (safe; 1% risk of failure)
Press: ? - help, Shift-Dir - straight line, f/p - two-headed ogre
Aim: a two-headed ogre, wielding two +0 giant clubs (moderately wounded, 92% to hit)
The blast of sand hits the two-headed ogre!
The two-headed ogre is severely wounded.
The two-headed ogre hits you with a +0 giant club!!
Ouch! That really hurt!
* * * LOW HITPOINT WARNING * * *
The two-headed ogre hits you with a +0 giant club!!
You die...

## #. #. #############.
#............. # #########
#.############ #
#.(.....########.##...>.# ##
#
#.......'.TO@.......###.####.
#
#.......#######.######..#..#.
#####)......# #.# #.....#.
.....[......# #.######..##.#.
#########''####
#.............. #
##....O...## #######..###.#.
# ##..........## #.>..#.## #
#............# #####....... #
#...........[..# #......#..#.


You could see a two-headed ogre and a troll.

Vanquished Creatures
  A black bear (D:4)
  An ice beast (D:5)
  3 ogres
  2 phantoms
  4 scorpions
  A hound (D:4)
  A jelly (D:6)
  A gnoll bouda (D:4)
  An orc priest (D:4)
  3 sleepcaps
  2 orc wizards
  3 iguanas
  Robin (D:2)
  10 gnolls
  12 adders
  A white imp (D:5)
  An ufetubus (D:5)
  2 worms (D:5)
  A dart slug (D:5)
  13 orcs
  3 bats
  7 endoplasms
  A giant cockroach (D:1)
  11 goblins
  6 hobgoblins
  7 jackals
  5 kobolds
  6 quokkas
  7 ball pythons
  3 frilled lizards
  3 rats
123 creatures vanquished.

Vanquished Creatures (collateral kills)
  A gnoll (D:3)
1 creature vanquished.

Vanquished Creatures (others)
  A black bear (D:5)
  A hound (D:5)
  An orc wizard (D:5)
3 creatures vanquished.

Grand Total: 127 creatures vanquished

Notes
Turn   | Place    | Note
-------+----------+-------------------------------------------
     0 | D:1      | AIAndy the Gnoll Wanderer began the quest for the Orb.
     0 | D:1      | AIAndy set off with the following items: a +0 dagger, a
                  | scroll of fear, a +0 robe, a +0 buckler; and the following
                  | spells available to memorise: Sandblast, Passwall,
                  | Necrotise, Vampiric Draining, Leda's Liquefaction.
     0 | D:1      | Reached XP level 1. HP: 13/13 MP: 4/4
     2 | D:1      | Learned a level 1 spell: Sandblast
   199 | D:1      | Reached XP level 2. HP: 19/19 MP: 2/5
   254 | D:1      | Found Duimoruu's Antique Armour Shop.
   756 | D:2      | Found a faded altar of an unknown god.
   763 | D:2      | Prayed at the altar of an unknown god.
   763 | D:2      | Became a worshipper of Sif Muna the Loreminder
   763 | D:2      | Reached * piety under Sif Muna
   802 | D:2      | Noticed Robin
   807 | D:2      | Reached XP level 3. HP: 24/25 MP: 5/7
   808 | D:2      | Killed Robin
   812 | D:2      | Reached skill level 1 in Fighting
   812 | D:2      | Reached skill level 1 in Short Blades
   812 | D:2      | Reached skill level 1 in Long Blades
   812 | D:2      | Reached skill level 1 in Axes
   812 | D:2      | Reached skill level 1 in Maces & Flails
   812 | D:2      | Reached skill level 1 in Polearms
   812 | D:2      | Reached skill level 1 in Staves
   812 | D:2      | Reached skill level 1 in Ranged Weapons
   812 | D:2      | Reached skill level 1 in Throwing
   812 | D:2      | Reached skill level 1 in Armour
   812 | D:2      | Reached skill level 1 in Stealth
   812 | D:2      | Reached skill level 1 in Unarmed Combat
   812 | D:2      | Reached skill level 1 in Evocations
   902 | D:2      | Learned a level 1 spell: Necrotise
  1054 | D:2      | Reached XP level 4. HP: 32/32 MP: 6/8
  1262 | D:2      | Reached ** piety under Sif Muna
  1401 | D:3      | Reached skill level 1 in Conjurations
  1401 | D:3      | Reached skill level 1 in Hexes
  1401 | D:3      | Reached skill level 1 in Summonings
  1401 | D:3      | Reached skill level 1 in Translocations
  1401 | D:3      | Reached skill level 1 in Transmutations
  1401 | D:3      | Reached skill level 1 in Fire Magic
  1401 | D:3      | Reached skill level 1 in Ice Magic
  1401 | D:3      | Reached skill level 1 in Air Magic
  1401 | D:3      | Reached skill level 1 in Poison Magic
  1443 | D:3      | Reached XP level 5. HP: 17/37 MP: 4/9
  1496 | D:3      | Learned a level 3 spell: Vampiric Draining
  1806 | D:3      | Noticed Grinder
  1991 | D:4      | Found a sparkling altar of Nemelex Xobeh.
  2127 | D:4      | Noticed a black bear
  2221 | D:4      | Reached XP level 6. HP: 44/44 MP: 8/11
  2246 | D:4      | Reached skill level 5 in Shields
  2264 | D:4      | Identified the +1 ring mail "Osiash" {*Slow rN+ Str+4
                  | Slay+3}
  2279 | D:4      | Reached *** piety under Sif Muna
  3310 | D:5      | Entered Level 5 of the Dungeon
  3399 | D:4      | Reached XP level 7. HP: 38/50 MP: 10/12
  3725 | D:5      | Reached XP level 8. HP: 58/58 MP: 14/14
  3786 | D:5      | Found a shimmering altar of Xom.
  3938 | D:5      | Identified the +2 chain mail of Hedging {rElec Str+2 Dex+3}
  3961 | D:5      | Reached **** piety under Sif Muna
  4119 | D:5      | Found a stormy altar of Qazlal.
  4189 | D:5      | Found a hide-covered altar of Uskayaw.
  4196 | D:5      | Found an ancient bone altar of Kikubaaqudgha.
  4306 | D:6      | Found Nommuhov's Armour Shop.
  4320 | D:6      | Found Utext's Magic Scroll Shop.
  4322 | D:6      | Found Tic Ulli's Magic Scroll Shop.
  4326 | D:6      | Found Sonnot's Assorted Antiques.
  4337 | D:6      | Bought the +0 kite shield "Maiwnynn" {Will++} for 357 gold
                  | pieces
  4448 | D:6      | Noticed a troll
  4448 | D:6      | Noticed a two-headed ogre
  4681 | D:6      | Mangled by a two-headed ogre

Illustrated notes

Levels and vault maps discovered:
D:1:      onia_arrival_pentagram, layout_basic, serial_shops, shop
D:2:      layout_loops_ring, dreamdust_ecumenical_altar_hidden_monk_grotto,
          uniq_robin
D:3:      layout_loops_cross, uniq_grinder
D:4:      layout_layer_cave, lemuel_crystal_altar, roderic_serpentine_path
D:5:      layout_rooms, amethyst_overflow_temple_binary, kennysheep_mini_moat,
          grunt_qazlal_clouds, xom_confusion_cloud, minmay_fractal_squares_5
D:6:      kennysheep_big_flooded_room, layout_basic, minmay_temple_entry_grid,
          gammafunk_ghost_necromancy, minmay_holes, minmay_misc_feat_diagonals,
          minmay_shop_grid_forest, corexii_hall_statues_u

Skill      XL: |  1  2  3  4  5  6  7  8 |
---------------+-------------------------+-----
Necromancy     | 2 3 |  3.8
Fighting       | 1 2 3 |  3.7
Short Blades   | 1 2 3 |  3.7
Long Blades    | 1 2 3 |  3.7
Axes           | 1 2 3 |  3.7
Maces & Flails | 1 2 3 |  3.7
Polearms       | 1 2 3 |  3.7
Staves         | 1 2 3 |  3.7
Ranged Weapons | 1 2 3 |  3.7
Throwing       | 1 2 3 |  3.7
Armour         | 1 2 3 |  3.7
Stealth        | 1 2 3 |  3.7
Unarmed Combat | 1 2 3 |  3.7
Evocations     | 1 2 3 |  3.7
Spellcasting   | 3 4 |  4.7
Conjurations   | 1 2 3 |  3.1
Hexes          | 1 2 3 |  3.1
Summonings     | 1 2 3 |  3.1
Translocations | 1 2 3 |  3.1
Transmutations | 1 2 3 |  3.1
Fire Magic     | 1 2 3 |  3.1
Ice Magic      | 1 2 3 |  3.1
Air Magic      | 1 2 3 |  3.1
Poison Magic   | 1 2 3 |  3.1
Invocations    | 3 4 |  4.9
Dodging        | 3 4 |  4.6
Shields        | 5 6 |  6.0
Earth Magic    | |  7.8

Action                     |  1- 3 |  4- 6 |  7- 9 || total
---------------------------+-------+-------+-------++-------
   Cast: Sandblast         |    34 |    89 |    92 ||   215
         Necrotise         |       |     9 |     3 ||    12
  Evoke: Wand              |       |       |     1 ||     1
    Use: Scroll            |       |     1 |       ||     1
 Armour: Robe              |     1 |     5 |     3 ||     9
  Dodge: Dodged            |     8 |    19 |    15 ||    42
  Block: Buckler           |     4 |     3 |       ||     7
         Kite shield       |       |     7 |    23 ||    30
